 Dungeon Crawl Stone Soup version 0.17.0-28-g6e173f8 (webtiles) character file.

28 gorblad the Skirmisher (level 3, 0/29 HPs)
             Began as a Formicid Abyssal Knight on Dec 3, 2015.
             Was a Believer of Lugonu.
             Slain by a jackal (1 damage)
             ... on level 2 of the Dungeon.
             The game lasted 00:03:35 (967 turns).

gorblad the Skirmisher (Formicid Abyssal Knight)     Turns: 967, Time: 00:03:35

Health: 0/29       AC:  3    Str: 17    XL:     3   Next: 30%
Magic:  4/4        EV:  9    Int: 11    God:    Lugonu [**....]
Gold:   61         SH:  7    Dex: 10    Spells: 0 memorised, 2 levels left

rFire  . . .     SeeInvis +     a - +1 spear
rCold  . . .     Clarity  .     b - +0 leather armour
rNeg   . . .     SustAt   .     m - +0 shield
rPois  .         Gourm    .     (helmet unavailable)
rElec  .         Spirit   .     (no cloak)
rCorr  .         Warding  .     (no gloves)
rMut   .         Stasis   +     (no boots)
MR     .....                    (no amulet)
Stlth  +.........               (no ring)
                                (no ring)

@: flying, not resistant to hostile enchantments, very unstealthy
A: permanent stasis, dig shafts and tunnels, four strong arms, antennae 3
a: Dig, Shaft Self, Depart the Abyss, Bend Space, Renounce Religion


You were on level 2 of the Dungeon.
You worshipped Lugonu.
Lugonu was pleased with you.
You were hungry.

You visited 1 branch of the dungeon, and saw 2 of its levels.
You visited the Abyss 1 time.

You collected 61 gold pieces.

Inventory:

Hand Weapons
 a - a +1 spear (weapon)
Armour
 b - a +0 leather armour (worn)
 m - a +0 shield (worn)
Scrolls
 d - a scroll of teleportation {unknown}
 f - a scroll of enchant weapon {unknown}
 g - a scroll of amnesia {unknown}
 i - 2 scrolls of identify {unknown}
 l - a scroll of blinking {unknown}
 n - a scroll of enchant armour {unknown}
 r - a scroll of fog {unknown}
Miscellaneous
 q - a plain deck of wonders {drawn: 1}
Comestibles
 c - a bread ration
 h - 8 chunks of flesh
 j - a meat ration
 k - a beef jerky
 o - a royal jelly
 p - a fruit


   Skills:
 - Level 3.2 Fighting
 - Level 2.0 Polearms
 - Level 2.1 Armour
 + Level 2.6 Dodging
 - Level 2.1 Invocations


You had 2 spell levels left.
You didn't know any spells.

Dungeon Overview and Level Annotations

Branches:
Dungeon (2/15)

Altars:

Annotations:
D:2 Terence


Innate Abilities, Weirdness & Mutations

You are under a permanent stasis effect.
You can dig through walls and to a lower floor.
Your four strong arms can wield two-handed weapons with a shield.
You have a pair of large antennae on your head (SInv).


Message History

You hit the jackal.
The jackal is heavily wounded.
The jackal closely misses you.
The jackal bites you but does no damage.
You hit the jackal.
You kill the jackal!
Lugonu accepts your kill. The jackal barely misses you.
You hit the jackal.
The jackal is moderately wounded.
The jackal barely misses you. The jackal bites you.
* * * LOW HITPOINT WARNING * * *
Terence says, "Did you write a will?
You should..."
You closely miss the jackal.
The jackal is moderately wounded.
You block the jackal's attack.
You closely miss the jackal.
The jackal is moderately wounded.
The jackal bites you.
You die...

###############
#..).....<....####
#.###########.....
#.# ###### ##.##
######...#
$........#
####.#...# #.##@##
###.##h# #....@h#
#.#.##w# #.##.####
#.#.#.†...#
#.........#
.......@.......!
.............###


You could see Terence, a worm and 2 jackals.

Vanquished Creatures
  A giant gecko (D:1)
  3 bats (D:2)
  8 goblins
  4 hobgoblins
  2 jackals (D:2)
  A giant cockroach (D:1)
  4 giant newts
  2 kobolds (D:1)
  2 rats
27 creatures vanquished.

Notes
Turn   | Place    | Note
--------------------------------------------------------------
     0 | Abyss:1  | gorblad the Formicid Abyssal Knight began the quest for the Orb.
     0 | Abyss:1  | Reached XP level 1. HP: 18/18 MP: 2/2
    16 | D:1      | Escaped the Abyss
    65 | D:1      | Reached skill level 1 in Dodging
   243 | D:1      | Reached XP level 2. HP: 16/24 MP: 3/3
   843 | D:2      | Reached XP level 3. HP: 26/29 MP: 4/4
   854 | D:2      | Reached ** piety under Lugonu
   927 | D:2      | Noticed Terence
   965 | D:2      | HP: 1/29 [jackal (2)]
   967 | D:2      | Slain by a jackal

Action                   || total
-------------------------++-------
Melee: Spear             ||   124
 Abil: Dig               ||     1
Evoke: Deck              ||     1
  Use: Potion            ||     1
  Eat: Chunk             ||     2
